 Dungeon Crawl Stone Soup version 0.19.0 (webtiles) character file.

3260 CanadianGator the Cleaver (level 10, -17/88 HPs)
             Began as a Hill Orc Fighter on Nov 16, 2016.
             Was a Believer of the Shining One.
             Demolished by Gastronok (30 damage)
             ... on level 8 of the Dungeon.
             The game lasted 00:29:39 (6924 turns).

CanadianGator the Cleaver (Hill Orc Fighter)        Turns: 6924, Time: 00:29:41

Health: -17/88     AC: 13    Str: 19 (20) XL:     10   Next: 0%
Magic:  10/10      EV:  9    Int: 14      God:    the Shining One [**....]
Gold:   314        SH: 10    Dex: 11      Spells: 0 memorised, 9 levels left

rFire  . . .     SeeInvis .     v - +0 broad axe
rCold  . . .     Gourm    .     G - +1 ring mail {rPois}
rNeg   + . .     Faith    +     c - +0 shield
rPois  +         Spirit   .     (no helmet)
rElec  .         Reflect  .     d - +1 cloak
rCorr  .         Harm     .     (no gloves)
MR     .....                    k - +0 pair of boots
Stlth  +.........               r - amulet of faith
                                b - +6 ring of intelligence
                                h - -2 ring of strength (curse)

@: glowing
A: molten scales 1
a: Divine Shield, Renounce Religion, Convert to Beogh


You were on level 8 of the Dungeon.
You worshipped the Shining One.
The Shining One was pleased with you.
You were very hungry.

You visited 1 branch of the dungeon, and saw 8 of its levels.

You collected 362 gold pieces.
You spent 48 gold pieces at shops.

Inventory:

Hand Weapons
 a - a +1 war axe
 v - a +0 broad axe (weapon)
Armour
 c - a +0 shield (worn)
 d - a +1 cloak (worn)
 i - a +0 plate armour
 k - a +0 pair of boots (worn)
 G - a +1 ring mail of poison resistance (worn)
Jewellery
 b - a +6 ring of intelligence (right hand)
 h - a cursed -2 ring of strength (left hand)
 r - an amulet of faith (around neck)
 x - an uncursed ring of wizardry
Wands
 y - a wand of lightning (11/15)
Scrolls
 e - 3 scrolls of fog
 l - a scroll of enchant weapon
 n - a scroll of recharging
 o - 5 scrolls of identify
 p - a scroll of teleportation
 s - a scroll of magic mapping
 z - 3 scrolls of blinking
 A - 3 scrolls of remove curse
 I - a scroll of enchant armour {unknown}
Potions
 g - 3 potions of lignification
 m - a potion of haste
 u - a potion of invisibility
 C - a potion of resistance
 H - a potion of brilliance
Books
 t - a book of Frost

   Spells                             Type                      Level
   a - Freeze                         Ice                          1
   b - Throw Frost                    Conjuration/Ice              2
   c - Ozocubu's Armour               Charms/Ice                   3
   d - Throw Icicle                   Conjuration/Ice              4
   e - Summon Ice Beast               Ice/Summoning                4
 w - a book of Conjurations

   Spells                             Type                      Level
   a - Magic Dart                     Conjuration                  1
   b - Searing Ray                    Conjuration                  2
   c - Dazzling Spray                 Conjuration/Hexes            3
   d - Fulminant Prism                Conjuration/Hexes            4
   e - Iskenderun's Mystic Blast      Conjuration                  4
   f - Iskenderun's Battlesphere      Conjuration/Charms           5
Comestibles
 f - 3 bread rations
 j - 27 fruits
 q - 4 meat rations
 B - a beef jerky


   Skills:
 * Level 7.9 Fighting
 * Level 12.9 Axes
 * Level 6.9 Armour
 + Level 1.2 Dodging
 + Level 0.5 Stealth
 + Level 5.5 Shields


You had 9 spell levels left.
You didn't know any spells.

Dungeon Overview and Level Annotations

Branches:
Dungeon (8/15)             Temple (0/1) D:4
   Lair: D:8-11

Altars:
Cheibriados
Elyvilon
Fedhas
Okawaru
Sif Muna
Uskayaw
The Shining One
Beogh

Shops:
D:6 =   D:7 (

Annotations:
D:8 Gastronok


Innate Abilities, Weirdness & Mutations

You are partially covered in molten scales. (AC +2)


Message History

It was a potion of cancellation.
Your magical effects are unravelling.
You feel magically purged.
Your magical contamination has completely faded away.
You feel yourself slow down.
Your resistance to elements expires.
You block the orc's attack.
It was a potion of mutation.
You feel extremely strange.
You feel healthier. You block Gastronok's attack.
The orc hits you but does no damage.
It was a potion of cure mutation.
It has a very clean taste.
Your hooves expand and flesh out into feet!
You feel stupid.
Your magic regains its normal vibrancy.
You block the orc's attack.
The orc priest shouts, "Surrender to Beogh and we'll let you live!"
You slash Gastronok!
Gastronok is heavily wounded.
You slash the orc!
You kill the orc!
Gastronok bites you!!
You die... ###### #w@..# #)##.# ooo #.# #oooo #.# #oooo #.# #.ooo

#.#
#..oo
#.#
#....
#.#
######.#


You could see Gastronok, an orc warrior, an orc priest and 14 orcs.

Vanquished Creatures
  Eustachio (D:4)
  A water moccasin (D:5)
  An ice beast (D:6)
  3 orc warriors
  3 sky beasts
  A black bear (D:7)
  A phantom (D:3)
  2 ogres
  A centaur (D:7)
  A big kobold (D:7)
  4 bullfrogs
  4 scorpions
  9 killer bees
  2 howler monkeys
  6 crimson imps
  A bullfrog zombie (D:7)
  A hound (D:6)
  A jelly (D:6)
  An orc priest (D:7)
  2 bullfrog skeletons (D:5)
  Natasha (thrice) (D:2)
  An iguana (D:7)
  3 orc wizards
  4 worker ants
  A hound skeleton (D:5)
  4 gnolls (D:3)
  11 adders
  A shadow imp (D:6)
  2 oozes
  2 adder zombies
  4 worms
  4 dart slugs
  3 leopard geckos
  13 orcs
  2 ball pythons
  4 bats
  5 giant cockroaches
  8 goblins
  8 hobgoblins
  2 jackals (D:2)
  24 kobolds
  2 quokkas
  3 frilled lizards
  A jackal skeleton (D:7)
  A leopard gecko skeleton (D:5)
  11 rats
  2 plants (D:7)
175 creatures vanquished.

Notes
Turn   | Place    | Note
-------+----------+-------------------------------------------
     0 | D:1      | CanadianGator the Hill Orc Fighter began the quest for the Orb.
     0 | D:1      | Reached XP level 1. HP: 19/19 MP: 1/1
   130 | D:1      | Reached XP level 2. HP: 18/27 MP: 2/2
   565 | D:1      | Reached XP level 3. HP: 33/33 MP: 3/3
   755 | D:2      | Reached skill level 3 in Axes
  1042 | D:2      | Noticed Natasha
  1048 | D:2      | Killed Natasha
  1048 | D:2      | Reached XP level 4. HP: 10/40 MP: 4/4
  1253 | D:2      | Noticed Natasha
  1262 | D:2      | Killed Natasha
  1262 | D:2      | Reached skill level 4 in Axes
  1458 | D:2      | Noticed Natasha
  1463 | D:2      | Killed Natasha
  1463 | D:2      | Reached XP level 5. HP: 41/46 MP: 5/5
  1565 | D:3      | Noticed a phantom
  1626 | D:3      | Killed a phantom
  1626 | D:3      | Reached skill level 5 in Axes
  1626 | D:3      | Reached XP level 6. HP: 38/53 MP: 6/6
  2020 | D:3      | Found a deep blue altar of Sif Muna.
  2308 | D:3      | Found a blossoming altar of Fedhas.
  2648 | D:4      | Reached skill level 6 in Axes
  2651 | D:4      | Noticed Eustachio
  2672 | D:4      | Killed Eustachio
  2672 | D:4      | Reached skill level 7 in Axes
  2672 | D:4      | Reached skill level 5 in Armour
  2672 | D:4      | Reached XP level 7. HP: 56/60 MP: 7/7
  2715 | D:4      | Found a staircase to the Ecumenical Temple.
  2728 | D:4      | Found a snail-covered altar of Cheibriados.
  2753 | D:4      | Found a white marble altar of Elyvilon.
  2982 | D:4      | Reached skill level 5 in Fighting
  2991 | D:4      | Found a glowing golden altar of the Shining One.
  2994 | D:4      | Became a worshipper of the Shining One
  3362 | D:5      | Entered Level 5 of the Dungeon
  3450 | D:5      | Reached skill level 8 in Axes
  3450 | D:5      | Reached skill level 1 in Dodging
  3723 | D:5      | Reached XP level 8. HP: 49/69 MP: 8/8
  3729 | D:5      | Gained mutation: Your body sometimes deteriorates upon taking damage. [mutagenic meat]
  3730 | D:5      | Gained mutation: Your spells are a little easier to cast, but a little less powerful. [mutagenic meat]
  3731 | D:5      | Gained mutation: You have large cloven feet. [mutagenic meat]
  3732 | D:5      | Lost mutation: Your spells are a little easier to cast, but a little less powerful. [mutagenic meat]
  3858 | D:5      | Found an iron altar of Okawaru.
  3882 | D:5      | Reached skill level 9 in Axes
  3886 | D:5      | Gained mutation: You regenerate slowly when monsters are visible. [mutagenic meat]
  3887 | D:5      | Lost mutation: You regenerate slowly when monsters are visible. [mutagenic meat]
  3889 | D:5      | Gained mutation: You are partially covered in molten scales. (AC +2) [mutagenic meat]
  4324 | D:5      | Reached * piety under the Shining One
  4742 | D:6      | Reached skill level 10 in Axes
  4750 | D:6      | Gained mutation: Scrolls take you a little longer to read. [mutagenic meat]
  4753 | D:6      | Lost mutation: Scrolls take you a little longer to read. [mutagenic meat]
  4754 | D:6      | Gained mutation: Your mind is acute. (Int +2) [mutagenic meat]
  4755 | D:6      | Gained mutation: Your spells are a little easier to cast, but a little less powerful. [mutagenic meat]
  4961 | D:6      | Reached XP level 9. HP: 78/78 MP: 9/9
  5029 | D:6      | Reached skill level 11 in Axes
  5035 | D:6      | Reached skill level 5 in Shields
  5194 | D:6      | Found Riesh's Jewellery Shop.
  5513 | D:7      | Reached ** piety under the Shining One
  5519 | D:7      | Found Ecaosueg's Weapon Emporium.
  5541 | D:7      | Bought a +0 broad axe for 48 gold pieces
  5718 | D:7      | Reached skill level 12 in Axes
  6495 | D:8      | Found a hide-covered altar of Uskayaw.
  6897 | D:8      | Noticed Gastronok
  6912 | D:8      | Reached XP level 10. HP: 37/88 MP: 10/10
  6913 | D:8      | Found a roughly hewn altar of Beogh.
  6922 | D:8      | Lost mutation: Your body sometimes deteriorates upon taking damage. [potion of mutation]
  6923 | D:8      | Lost mutation: You have large cloven feet. [potion of cure mutation]
  6923 | D:8      | Lost mutation: Your mind is acute. (Int +2) [potion of cure mutation]
  6923 | D:8      | Lost mutation: Your spells are a little easier to cast, but a little less powerful. [potion of cure mutation]
  6924 | D:8      | Demolished by Gastronok

Skill      XL: |  1  2  3  4  5  6  7  8  9 |
---------------+----------------------------+-----
Armour         | 4 5 6 |  6.9
Axes           | 3 4 5 7 8 10 12 | 12.9
Shields        | 4 5 |  5.5
Fighting       | 4 5 6 7 |  7.9
Dodging        | 1 |  1.2
Stealth        | |  0.5

Action                   |  1- 3 |  4- 6 |  7- 9 | 10-12 || total
-------------------------+-------+-------+-------+-------++-------
Melee: War axe           |    90 |   162 |   233 |       ||   485
       Broad axe         |       |       |   111 |     7 ||   118
  Use: Scroll            |       |     8 |     3 |       ||    11
       Potion            |       |     5 |     2 |     4 ||    11
  Eat: Chunk             |       |     4 |    24 |       ||    28
       Meat ration       |       |     1 |       |       ||     1
Armor: Scale mail        |    32 |    60 |       |       ||    92
       Plate armour      |       |    55 |   216 |       ||   271
       Skin              |       |    10 |       |       ||    10
       Ring mail         |       |       |     2 |     4 ||     6
Dodge: Dodged            |    25 |    37 |    60 |     3 ||   125
Block: Shield            |    46 |   106 |   176 |     4 ||   332
